 Dungeon Crawl Stone Soup version 0.28.0 (webtiles) character file.

Game seed: 1745338746149254570

23703 AmazingTV the Covert (level 12, 0/63 HPs)
             Began as a Spriggan Brigand on June 27, 2022.
             Was a High Priest of Okawaru.
             Slain by an orc warlord (33 damage)
             ... on level 2 of the Orcish Mines.
             The game lasted 02:21:31 (31605 turns).

AmazingTV the Covert (Spriggan Brigand)            Turns: 31605, Time: 02:21:36

Health: 0/63       AC: 12    Str:  9    XL:     12   Next: 74%
Magic:  21/21      EV: 25    Int: 13    God:    Okawaru [*****.]
Gold:   391        SH:  0    Dex: 19    Spells: 22/22 levels left

rFire   + . .      SeeInvis +   b - +0 shortbow (freeze)
rCold   + . .      Faith    .   (shield currently unavailable)
rNeg    . . .      Spirit   .   I - +2 robe {rC+ rF+}
rPois   .          Reflect  .   (helmet restricted)
rElec   .          Harm     .   v - scarf {repulsion}
rCorr   .          Rampage  .   (gloves unavailable)
Will    ++...                   (boots unavailable)
Stlth   ++++++....              (no amulet)
HPRegen 0.20/turn               m - +4 ring of protection
MPRegen 0.17/turn               A - +4 ring of protection

@: repel missiles, very quick
A: very small, no large weapons, unfitting armour, see invisible, speed 3
a: Renounce Religion, Heroism, Finesse, Duel


You were on level 2 of the Orcish Mines.
You worshipped Okawaru.
Okawaru was extremely pleased with you.
You visited 3 branches of the dungeon, and saw 15 of its levels.

You collected 1462 gold pieces.
You spent 1071 gold pieces at shops.

Inventory:

Hand Weapons
 a - the +7 dagger "Oczuf" {elec, rC++}
   (You bought it in a shop on level 12 of the Dungeon)

   It occasionally discharges a powerful burst of electricity upon striking a
   foe.
   rC:        It greatly protects you from cold.
 b - a +0 shortbow of freezing (weapon)
 c - a +3 rapier of flaming
 k - a +1 dagger of venom
 l - the +7 scimitar "Jouberu" {vorpal, rN+ Will+ Int+3}
   (Okawaru gifted it to you on level 2 of the Orcish Mines)

   It inflicts extra damage upon your enemies.
   Int:       It affects your intelligence (+3).
   rN:        It protects you from negative energy.
   Will:      It increases your willpower.
 x - a +3 short sword
 y - a +1 rapier of venom
 E - a +5 falchion
 F - a +2 dagger
 L - a +2 mace of holy wrath
Missiles
 f - 757 stones
 s - 225 arrows (quivered ammo)
 C - 133 sling bullets
 J - 5 datura-tipped darts
Armour
 v - a scarf of repulsion (worn)
 D - a +2 robe of positive energy
 I - a +2 robe of resistance (worn)
 M - +0 acid dragon scales
Jewellery
 m - a +4 ring of protection (left hand)
 p - a ring of protection from cold
 w - the ring "Mofru" {Ice Dex+2}
   (You found it on level 4 of the Dungeon)

   [ring of ice]

   It enhances your ice magic.
   Dex:       It affects your dexterity (+2).
   rF:        It makes you vulnerable to fire.
   rC:        It protects you from cold.
 A - a +4 ring of protection (right hand)
 P - a ring of wizardry
Wands
 h - a wand of mindburst (25)
 i - a wand of iceblast (17)
 z - a wand of flame (67)
Scrolls
 g - 3 scrolls of amnesia
 n - 4 scrolls of identify
 o - a scroll of teleportation
 q - 4 scrolls of magic mapping
 r - a scroll of brand weapon
 u - a scroll of enchant armour
 H - 3 scrolls of immolation {unknown}
 O - a scroll of blinking {unknown}
Potions
 j - a potion of brilliance
 t - a potion of might
 B - a potion of ambrosia
 G - 2 potions of resistance
 K - 2 potions of curing
 N - a potion of cancellation
 Q - a potion of flight
 R - a potion of invisibility


   Skills:
 + Level 7.3 Fighting
 + Level 10.4(10.9) Short Blades
 + Level 3.8(6.3) Long Blades
 - Level 6.6(7.6) Slings
 + Level 8.1 Bows
 - Level 4.7(6.0) Throwing
 + Level 10.4 Dodging
 - Level 13.3 Stealth
 + Level 5.9 Spellcasting
 + Level 4.8 Invocations
 + Level 6.3 Evocations


You had 22 spell levels left.
You didn't know any spells.
Your spell library contained the following spells:

 Spells                   Type           Power      Damage    Failure   Level
 Sandblast                Erth           6%         2d5       17%         1
 Blink                    Tloc           6%         N/A       26%         2
 Passwall                 Tmut/Erth      2%         N/A       26%         2
 Scorch                   Fire           6%         2d5       26%         2
 Lesser Beckoning         Tloc           3%         N/A       45%         3
 Ozocubu's Armour         Ice            3%         N/A       45%         3
 Portal Projectile        Hex/Tloc       6%         N/A       45%         3
 Stone Arrow              Conj/Erth      6%         3d7       45%         3
 Flame Wave               Conj/Fire      3%         2d4       86%         4
 Passage of Golubria      Tloc           3%         N/A       86%         4
 Blade Hands              Tmut           1%         N/A       99%         5
 Borgnjor's Vile Clutch   Necr/Erth      1%         N/A       99%         5
 Excruciating Wounds      Necr           1%         N/A       99%         5
 Manifold Assault         Tloc           3%         N/A       99%         5
 Metabolic Englaciation   Hex/Ice        1%         N/A       99%         5
 Silence                  Hex/Air        1%         N/A       99%         5
 Ozocubu's Refrigeration  Ice            1%         4d5       100%        7
 Lehudib's Crystal Spear  Conj/Erth      1%         10d2      100%        8
 Animate Dead             Necr           Unusable   N/A       N/A         4
 Death Channel            Necr           Unusable   N/A       N/A         6
 Simulacrum               Ice/Necr       Unusable   N/A       N/A         6
 Summon Cactus Giant      Summ           Unusable   N/A       N/A         6

Dungeon Overview and Level Annotations

Branches:
Dungeon (12/15)            Temple (1/1) D:7            Lair (0/6) D:11
    Orc (2/2) D:12            Elf (0/3) Orc:2

Altars:
Ashenzari
Cheibriados
Dithmenos
Elyvilon
Fedhas
Gozag
Hepliaklqana
Kikubaaqudgha
Makhleb
Nemelex Xobeh
Okawaru
Qazlal
Ru
Sif Muna
Trog
Uskayaw
Vehumet
Wu Jian
Xom
Yredelemnul
Zin
The Shining One
Beogh

Shops:
D:6 (   D:7 =   D:9 [   D:10 [   D:11 (   D:12 (   Orc:1 !   Orc:2 *[

Annotations:
D:5 Menkaure


Innate Abilities, Weirdness & Mutations

You are very small and have problems with some larger weapons.
You are too small for most types of armour.
You have supernaturally acute eyesight. (SInv)
You cover ground extremely quickly. (Speed+++)


Message History

You throw a datura-tipped dart.
The datura-tipped dart hits the orc warlord!
The orc warlord flies into a frenzy!
The orc warlord is almost dead.
You see here an arrow.
The orc warlord shouts!
Things that are here:
an arrow; a +0 war axe The orc warlord shouts!
You are too injured to fight recklessly!
Fire: 227 arrows
Press: ? - help, Q - select action, (/) - cycle Shift-Dir - straight line, f/p - orc warlord
Aim: an orc warlord, wielding a +2 vorpal battleaxe and wearing a +2 chain mail of poison resistance (almost dead, fast, strong, frenzied and insane, 74% to hit)
You shoot an arrow.
The arrow closely misses the orc warlord.
The orc warlord shouts!
The orc warlord shouts!
The orc warlord shouts!
You see here 2 arrows.
Things that are here:
an arrow; a +0 short sword You see here an arrow.
You see here an arrow.
Things that are here:
a poisoned dart; a +0 trident
Items here: (( ) [.
The orc warlord shouts!
You see here an arrow.
Things that are here:
a stone; a curare-tipped dart Fire: 226 arrows
Press: ? - help, Q - select action, (/) - cycle Shift-Dir - straight line, f/p - orc warlord
Aim: an orc warlord, wielding a +2 vorpal battleaxe and wearing a +2 chain mail of poison resistance (severely wounded, fast, strong, frenzied and insane, 74% to hit)
You shoot an arrow.
The arrow hits the orc warlord but does no damage.
The orc warlord is severely wounded.
The orc warlord shouts!
The orc warlord hits you with a +2 vorpal battleaxe!!
Ouch! That really hurt!
You die...

)...........(.(.###.#####....####
.....(....##)##..#...≈≈≈.#..#§§§≈
[.[..<...##...##.....≈≈.≈#..#≈§§§
.....[..##.....##(...§§§§#..#≈§≈≈
........#.......#....≈§≈≈#..#≈§≈≈
.....)..#...8...#.....§§........#
........#..._...#.........^.....#
..)....(##.....##...#............
'##..)...##.∩.##@.....(.....)....
..#....).(#####o..)...)...).)...)
..#........((((..)....#..).......
..#.)#.##.....)..(.#.#....)).....
._#.##.####(#....(#####.......#..
###.#...####....### ###....####
.........##......# ##.###
##..##..####.#..## ### #.......#
##...#


You could see a neutral orc warlord (fast, strong, insane).

Vanquished Creatures
  Kirke (D:12)
  Erolcha (D:12)
  A boulder beetle (Orc:1)
  2 two-headed ogres
  Urug (D:11)
  An orc high priest (Orc:2)
  3 orc knights
  A deep elf pyromancer (D:12)
  An orc sorcerer (Orc:2)
  2 ugly things
  A manticore (D:12)
  A cyclops (D:11)
  Maurice (D:11)
  An efreet (D:9)
  6 trolls
  A hornet (D:9)
  A vampire (D:10)
  17 yaks
  2 wyverns
  A wraith (D:10)
  4 humans
  2 steam dragons (D:9)
  4 vampire mosquitoes
  3 wargs (Orc:2)
  2 acid dragons
  Edmund (D:5)
  30 orc warriors
  2 sky beasts (D:6)
  4 black bears
  A necrophage (D:8)
  6 centaurs
  9 ogres
  A kobold brigand (D:11)
  3 bullfrogs
  5 scorpions
  A water moccasin skeleton (D:5)
  10 killer bees
  19 wights
  3 howler monkeys
  A centaur zombie (D:7)
  3 jellies
  A centaur skeleton (D:7)
  4 hounds
  29 orc priests
  A gnoll shaman (D:5)
  3 iguanas
  Ijyb (D:5)
  32 orc wizards
  A howler monkey zombie (D:10)
  3 howler monkey skeletons
  6 adders
  3 gnolls (D:5)
  An ufetubus (D:4)
  3 worms
  3 dart slugs
  140 orcs
  9 ball pythons
  5 endoplasms
  3 giant cockroaches
  2 goblins
  4 hobgoblins
  2 jackals (D:3)
  2 quokkas
  5 bats
  17 kobolds
  2 rats (D:1)
442 creatures vanquished.

Notes
Turn   | Place    | Note
-------+----------+-------------------------------------------
     0 | D:1      | AmazingTV the Spriggan Brigand began the quest for the Orb.
     0 | D:1      | Reached XP level 1. HP: 10/10 MP: 2/2
   107 | D:1      | Reached skill level 6 in Stealth
   160 | D:1      | Reached XP level 2. HP: 14/14 MP: 3/3
   188 | D:1      | Reached skill level 1 in Slings
  1295 | D:2      | Reached XP level 3. HP: 14/18 MP: 4/4
  1977 | D:3      | Reached XP level 4. HP: 22/22 MP: 5/5
  2229 | D:3      | Found an ornate altar of the Wu Jian Council.
  2232 | D:3      | Found a glowing silver altar of Zin.
  2297 | D:3      | Found a bloodstained altar of Trog.
  2297 | D:3      | Found an opulent altar of Gozag.
  2301 | D:3      | Found an ancient bone altar of Kikubaaqudgha.
  2420 | D:3      | Reached skill level 7 in Stealth
  2822 | D:3      | Reached XP level 5. HP: 25/25 MP: 6/6
  3530 | D:4      | Identified the ring "Mofru" {Ice Dex+2}
  3606 | D:4      | Reached XP level 6. HP: 30/30 MP: 7/7
  4095 | D:4      | Reached skill level 8 in Stealth
  4200 | D:5      | Entered Level 5 of the Dungeon
  4349 | D:5      | Reached skill level 5 in Dodging
  4349 | D:5      | Reached XP level 7. HP: 25/33 MP: 8/8
  4489 | D:5      | Noticed Ijyb
  4492 | D:5      | Killed Ijyb
  5040 | D:5      | Noticed Menkaure
  5234 | D:5      | Reached skill level 5 in Short Blades
  5736 | D:5      | Noticed Edmund
  5739 | D:5      | Killed Edmund
  5740 | D:5      | Reached skill level 9 in Stealth
  5772 | D:5      | Reached XP level 8. HP: 20/39 MP: 9/9
  7322 | D:6      | Found Cesixam's Weapon Boutique.
  7442 | D:6      | Reached skill level 10 in Stealth
  8976 | D:7      | Found a staircase to the Ecumenical Temple.
  8989 | Temple   | Entered the Ecumenical Temple
  9171 | Temple   | Became a worshipper of Warmaster Okawaru
  9305 | D:7      | Found Kimmarchu's One-of-a-Kind Rings.
  9391 | D:7      | Reached XP level 9. HP: 41/43 MP: 10/10
  9904 | D:7      | Found a burning altar of Makhleb.
 10023 | D:7      | Reached skill level 5 in Slings
 10576 | D:8      | Reached * piety under Okawaru
 10607 | D:7      | Reached skill level 11 in Stealth
 11660 | D:8      | Reached skill level 1 in Bows
 12318 | D:8      | Reached XP level 10. HP: 49/49 MP: 11/11
 12429 | D:8      | Reached ** piety under Okawaru
 13846 | D:9      | Reached skill level 5 in Fighting
 13860 | D:9      | Reached skill level 12 in Stealth
 14223 | D:9      | Found a snail-covered altar of Cheibriados.
 14225 | D:9      | Found Cheibriados's Comfort Zone.
 15907 | D:9      | You fall into a shaft and drop 3 floors!
 15907 | D:12     | Noticed a green ugly thing
 15914 | D:12     | Noticed Fannar
 15915 | D:12     | Noticed Kirke
 15919 | D:12     | Noticed a two-headed ogre
 15938 | D:12     | Noticed an orc knight
 15952 | D:12     | Noticed a deep elf pyromancer
 16098 | D:11     | Noticed a cyclops
 16106 | D:10     | Entered Level 10 of the Dungeon
 16283 | D:10     | Reached *** piety under Okawaru
 16284 | D:10     | Reached skill level 5 in Bows
 16284 | D:10     | Reached skill level 13 in Stealth
 16514 | D:10     | Found a white marble altar of Elyvilon.
 16556 | D:10     | Found Leywk's Armour Shoppe.
 16561 | D:10     | Bought a scarf of repulsion for 168 gold pieces
 16846 | D:10     | Found a stormy altar of Qazlal.
 16846 | D:10     | Found a faded altar of an unknown god.
 16853 | D:10     | Found a faded altar of an unknown god.
 16855 | D:10     | Found a basalt altar of Yredelemnul.
 16857 | D:10     | Found a hazy altar of Hepliaklqana.
 17410 | D:9      | Received a gift from Okawaru
 18114 | D:11     | Noticed Urug
 18117 | D:11     | Killed Urug
 18118 | D:11     | Reached XP level 11. HP: 56/56 MP: 11/13
 18122 | D:11     | Reached skill level 1 in Evocations
 18196 | D:11     | Reached skill level 1 in Spellcasting
 18667 | D:11     | Reached skill level 1 in Invocations
 18842 | D:11     | Reached skill level 1 in Long Blades
 19734 | D:11     | Found a staircase to the Lair.
 19743 | D:11     | Noticed a two-headed ogre
 19777 | D:11     | Killed a two-headed ogre
 19777 | D:11     | Reached **** piety under Okawaru
 19903 | D:11     | Found Irumm's Antique Weapon Boutique.
 19907 | D:11     | Bought a glowing rapier for 154 gold pieces
 19936 | D:11     | Noticed Maurice
 19960 | D:11     | Killed Maurice
 20117 | D:11     | Received a gift from Okawaru
 20304 | D:11     | Found an ancient bone altar of Kikubaaqudgha.
 20306 | D:11     | Found a shimmering altar of Xom.
 20306 | D:11     | Found a stormy altar of Qazlal.
 20322 | D:11     | Found a shadowy altar of Dithmenos.
 20322 | D:11     | Found an iron altar of Okawaru.
 20322 | D:11     | Found a sacrificial altar of Ru.
 20896 | D:11     | Identified the +3 whip of the Jumping Saviour {pain, rC+
                  | Will+}
 21167 | D:12     | Noticed a white ugly thing
 21322 | D:11     | Killed a green ugly thing
 21397 | D:12     | Killed a deep elf pyromancer
 21689 | D:12     | Found Ewkushrim's Antique Weapon Emporium.
 21693 | D:12     | Bought a polished dagger for 196 gold pieces
 21693 | D:12     | Identified the +7 dagger "Oczuf" {elec, rC++} (You bought
                  | it in a shop on level 12 of the Dungeon)
 21899 | D:12     | Killed a white ugly thing
 22063 | D:12     | Noticed a lindwurm
 22068 | D:12     | Killed Kirke
 22068 | D:12     | Received a gift from Okawaru
 22594 | D:12     | Killed a two-headed ogre
 22683 | D:12     | Killed an orc knight
 22987 | D:12     | Received a gift from Okawaru
 23507 | D:12     | Found a staircase to the Orcish Mines.
 24079 | D:12     | Noticed Erolcha
 24086 | D:12     | Killed Erolcha
 24086 | D:12     | Reached ***** piety under Okawaru
 24087 | D:12     | Reached XP level 12. HP: 62/62 MP: 19/19
 24244 | Orc:1    | Entered Level 1 of the Orcish Mines
 24290 | Orc:1    | Received a gift from Okawaru
 24590 | Orc:1    | Found Faucwun's Distillery.
 24600 | Orc:1    | Bought a potion of flight for 36 gold pieces
 24600 | Orc:1    | Bought a potion of invisibility for 96 gold pieces
 24600 | Orc:1    | Bought a potion of curing for 36 gold pieces
 24600 | Orc:1    | Bought a potion of heal wounds for 60 gold pieces
 25048 | Orc:1    | Reached skill level 5 in Evocations
 25613 | Orc:1    | Noticed a boulder beetle
 25660 | Orc:1    | Killed a boulder beetle
 25911 | Orc:2    | Entered Level 2 of the Orcish Mines
 25966 | Orc:2    | Reached skill level 10 in Short Blades
 26152 | Orc:2    | Found a staircase to the Elven Halls.
 26171 | Orc:2    | Received a gift from Okawaru
 26195 | Orc:2    | Reached skill level 5 in Spellcasting
 26796 | Orc:2    | Found Giseps's Antique Armour Boutique.
 26979 | Orc:2    | Noticed an orc high priest
 27430 | Orc:2    | Reached skill level 10 in Dodging
 28716 | Orc:2    | Identified the +7 scimitar "Jouberu" {vorpal, rN+ Will+
                  | Int+3} (Okawaru gifted it to you on level 2 of the Orcish
                  | Mines)
 28716 | Orc:2    | Received a gift from Okawaru
 29452 | Orc:2    | Found Dolesch's Assorted Antiques.
 29460 | Orc:2    | Bought a scroll of enchant weapon for 232 gold pieces
 29460 | Orc:2    | Bought a potion of curing for 93 gold pieces
 30336 | Orc:2    | Killed an orc high priest
 31351 | Orc:2    | Noticed an orc warlord
 31605 | Orc:2    | Slain by an orc warlord

Illustrated notes

Levels and vault maps discovered:
D:1:      minmay_arrival_shattered_statue, layout_loops_ring
D:2:      layout_basic
D:3:      layout_basic, minitemple, minivault_19
D:4:      layout_cave_pods
D:5:      layout_loops_ring, kennysheep_cluttered_room, grunt_ministairs_6,
          dk_vineyard_2, uniq_edmund, uniq_ijyb, uniq_menkaure
D:6:      layout_basic, serial_shops, shop
D:7:      layout_basic, mainiacjoe_overflow_alcove_1,
          minmay_temple_entry_butterflies, nicolae_shop_unique_rings,
          grunt_ministairs_6, interstate_on_off
D:8:      layout_rooms
D:9:      layout_roguey [special_room_orc], minmay_shop_chei
D:10:     layout_roguey, elyvilon_altar_3, chequers_temple_overflow_minitemple,
          nicolae_stop_n_shop_2
D:11:     layout_layer_cave, lair_entry_dummy, serial_shops, nicolae_shop_trees,
          doesnt_xom_only_xom, uniq_urug, uniq_maurice
D:12:     layout_basic, hiddenorc2_lemuel, serial_shops,
          nicolae_shop_hallway_stairs, chequers_serial_rivers_small_b,
          uniq_erolcha, uniq_kirke, uniq_fannar
Temple:   minmay_temple_bridge_abc
Orc:1:    layout_caves, basic_altar, serial_shops, shop, nicolae_orc_lava_tube,
          rock_pile
Orc:2:    grunt_orc_community_town_hall, layout_caves,
          grunt_orc_community_big_house_1, grunt_orc_community_big_house_1,
          grunt_orc_community_house_1, grunt_orc_community_house_2,
          grunt_orc_community_house_1, grunt_orc_community_house_2,
          grunt_orc_community_house_3, grunt_orc_community_house_1,
          nicolae_volcano_entry_s_turn, gauntlet_entry_generic,
          guppyfry_orc_lava_fort

Skill      XL: |  1  2  3  4  5  6  7  8  9 10 11 12 |
---------------+-------------------------------------+-----
Stealth        | 6 7 8 9 10 11 13 | 13.3
Slings         | 1 2 3 4 6 |  6.6
Dodging        | 2 3 4 5 6 7 8 9 10 | 10.4
Short Blades   | 3 4 5 6 7 8 9 10 | 10.4
Fighting       | 2 3 4 6 7 |  7.3
Throwing       | 3 4 |  4.7
Bows           | 2 5 7 8 |  8.1
Evocations     | 4 6 |  6.3
Spellcasting   | 4 5 |  5.9
Invocations    | 3 4 |  4.8
Long Blades    | 2 3 |  3.8

Action                   |  1- 3 |  4- 6 |  7- 9 | 10-12 || total
-------------------------+-------+-------+-------+-------++-------
Melee: Dagger            |   127 |   145 |   400 |   442 ||  1114
       Punch             |     1 |     4 |     2 |    37 ||    44
       Rapier            |       |       |       |   923 ||   923
       Scimitar          |       |       |       |    61 ||    61
 Fire: Shortbow          |       |       |   215 |   338 ||   553
Throw: Dart              |     4 |     1 |    40 |    72 ||   117
       Stone             |       |       |       |     2 ||     2
Invok: Heroism           |       |       |     1 |    15 ||    16
Evoke: Wand              |       |       |       |     7 ||     7
  Use: Scroll            |       |       |    10 |    17 ||    27
       Potion            |       |       |     3 |     6 ||     9
 Stab: Sleeping          |    13 |    14 |    14 |    23 ||    64
       Distracted        |       |       |     2 |     8 ||    10
Armor: Robe              |    20 |    24 |    45 |   146 ||   235
Dodge: Dodged            |    83 |    97 |   330 |  1132 ||  1642
       Repelled          |       |       |       |     5 ||     5
